 Dungeon Crawl Stone Soup version 0.30-a0-137-gd8773701ce (webtiles) character file.

Game seed: 13898733919418609898

4491 SigmundSlayer the Frost Mage (level 10, -4/74 HPs)
             Began as a Gnoll Ice Elementalist on Sept 22, 2022.
             Was an Elder of Nemelex Xobeh.
             Killed from afar by an acid dragon (23 damage)
             ... with a splash of acid
             ... on level 9 of the Dungeon.
             The game lasted 00:08:39 (8612 turns).

SigmundSlayer the Frost Mage (GnIE)                 Turns: 8612, Time: 00:08:40

Health: -4/74      AC: 17    Str:  9    XL:     10   Next: 38%
Magic:  18/21      EV: 12    Int: 18    God:    Nemelex Xobeh [****..]
Gold:   150        SH:  0    Dex: 12    Spells: 16/23 levels left

rFire   + . .      SeeInvis .    r - +4 scythe (drain)
rCold   . . .      Faith    .    (shield currently unavailable)
rNeg    . . .      Spirit   .    o - +3 ring mail {rF+}
rPois   .          Reflect  .    e - +2 helmet
rElec   .          Harm     .    (no cloak)
rCorr   .          Rampage  .    j - +0 pair of gloves
Will    .....                    (no boots)
Stlth   +++.......               (no amulet)
HPRegen 0.22/turn                d - +4 ring of protection
MPRegen 0.17/turn                (no ring)

@: freezing walls
A: fangs 1, strong nose, distributed training
a: Renounce Religion, Draw Escape, Draw Destruction, Draw Summoning, Triple
Draw, Deal Four


You were on level 9 of the Dungeon.
You worshipped Nemelex Xobeh.
Nemelex Xobeh was greatly pleased with you.
You visited 1 branch of the dungeon, and saw 9 of its levels.

You collected 462 gold pieces.
You spent 312 gold pieces at shops.

Inventory:

Hand Weapons
 r - a +4 scythe of draining (weapon)
Armour
 e - a +2 helmet (worn)
 j - a +0 pair of gloves (worn)
 o - a +3 ring mail of fire resistance (worn)
Jewellery
 d - a +4 ring of protection (left hand)
 y - a +6 ring of strength
Wands
 a - a wand of roots (9)
 h - a wand of flame (3)
 x - a wand of light (9)
Scrolls
 m - 2 scrolls of teleportation
 v - a scroll of amnesia
Potions
 b - a potion of magic
 c - 4 potions of attraction
 f - 2 potions of haste
 g - a potion of might
 k - a potion of heal wounds
 l - a potion of curing
 n - 2 potions of brilliance
 p - 5 potions of mutation
 q - a potion of flight
 s - 3 potions of lignification {unknown}
 t - 2 potions of cancellation {unknown}
 u - a potion of resistance {unknown}
 w - a potion of degeneration {unknown}


   Skills:
 + Level 5.4 Fighting
 + Level 5.4 Short Blades
 + Level 5.4 Long Blades
 + Level 5.4 Axes
 + Level 5.4 Maces & Flails
 + Level 5.4 Polearms
 + Level 5.4 Staves
 + Level 5.4 Ranged Weapons
 + Level 5.4 Throwing
 + Level 5.4 Armour
 + Level 7.2 Dodging
 + Level 6.9 Stealth
 + Level 5.4 Shields
 + Level 5.4 Unarmed Combat
 + Level 7.4 Spellcasting
 + Level 4.4 Conjurations
 + Level 4.4 Hexes
 + Level 4.4 Summonings
 + Level 4.4 Necromancy
 + Level 4.4 Translocations
 + Level 4.4 Transmutations
 + Level 4.4 Fire Magic
 + Level 8.5 Ice Magic
 + Level 4.4 Air Magic
 + Level 4.4 Earth Magic
 + Level 4.4 Poison Magic
 + Level 6.0 Invocations
 + Level 5.4 Evocations


You had 16 spell levels left.
You knew the following spells:

 Your Spells              Type           Power      Damage    Failure   Level
a - Freeze                Ice            100%       1d11      1%          1
b - Frozen Ramparts       Ice            74%        1d12      2%          3
c - Ozocubu's Armour      Ice            37%        N/A       2%          3

Your spell library contained the following spells:

 Spells                   Type           Power      Damage    Failure   Level
 Beastly Appendage        Tmut           44%        N/A       4%          1
 Sandblast                Erth           44%        2d11      4%          1
 Blink                    Tloc           44%        N/A       6%          2
 Passwall                 Tmut/Erth      18%        N/A       6%          2
 Wereblood                Tmut           22%        N/A       6%          2
 Inner Flame              Hex/Fire       22%        N/A       12%         3
 Spider Form              Tmut/Pois      22%        N/A       12%         3
 Stone Arrow              Conj/Erth      44%        3d9       12%         3
 Hailstorm                Conj/Ice       30%        3d8       19%         4
 Cause Fear               Hex            11%        N/A       38%         4
 Manifold Assault         Tloc           22%        N/A       38%         4
 Fireball                 Conj/Fire      11%        3d7       75%         5
 Dispersal                Tloc           11%        N/A       99%         6
 Starburst                Conj/Fire      11%        6d5       99%         6
 Storm Form               Tmut/Air       11%        N/A       100%        7
 Discord                  Hex            11%        N/A       100%        8
 Disjunction              Tloc           11%        N/A       100%        8
 Ignition                 Fire           11%        3d5       100%        8


Dungeon Overview and Level Annotations

Branches:
Dungeon (9/15)             Temple (0/1) D:4            Lair (0/5) D:8
    Orc: D:9-12

Altars:
Ashenzari
Gozag
Makhleb
Nemelex Xobeh
Qazlal
Trog
Wu Jian
Zin

Shops:
D:6 !   D:8 !


Innate Abilities, Weirdness & Mutations

You have very sharp teeth.
Your uncanny sense of smell can sniff out nearby items.
Your experience applies equally to all skills.


Message History

Something hits you.
* * * LOW HITPOINT WARNING * * *
You are poisoned.
The orc priest looks encouraged for a moment.
The orc closely misses you.
Okay, then.
The acid dragon attacks as you move away!
The acid dragon barely misses you. x2; Something hits you but does no damage.
You are more poisoned.
You feel very sick.
You feel very sick.
You feel sick.
You feel much better.
You feel sick. The acid dragon spits acid at you. The splash of acid hits you!!
* * * LOW HITPOINT WARNING * * *
You feel better. The acid dragon barely misses you. The acid dragon claws you.
* * * LOW HITPOINT WARNING * * *
You feel much better.
You are no longer corroded.
The acid dragon misses you.
The acid dragon claws you but does no damage.
You hear some strange, mumbled words.
A puff of flame appears from out of thin air!
The puff of flame hits you. You resist.
The acid dragon attacks as you move away!
The acid dragon barely misses you.
The acid dragon claws you but does no damage.
The orc priest attacks as you move away!
The orc priest hits you with a +0 club.
* * * LOW HITPOINT WARNING * * *
Casting: Frozen Ramparts (mildly dangerous; 2% risk of failure)
Confirm with . or Enter, or press ? or * to list all spells.
Casting: Frozen Ramparts (mildly dangerous; 2% risk of failure)
Press: ? - help, Dir - look around, f - activate The walls around you are covered in ice.
The wall freezes the acid dragon!
The acid dragon spits acid at you. The splash of acid hits you!!
You die...
Your body glows with a rainbow of weird colours and disappears.

#o ###.## ###
###.#####....<. #..
....<.......... #.#
.....#......... #..##.#
#.....)...... #..##.#
#.##..?...... #..##.#
#.##.........
#..##.######o...........
####..#......@Do..#>>.#####
.........########.#......
####..#.## #.#...### #....#
#.##### #..#.# #.#
#######..#.# #.#
.........#.# #.#
#####...##.# .# ###.###.#.#


You could see an acid dragon (catching breath), an orc priest and an orc.

Vanquished Creatures
  Grinder (D:5)
  Sigmund (D:2)
  Eustachio (D:4)
  2 wyverns (D:8)
  3 steam dragons
  Edmund (D:4)
  Duvessa (D:5)
  2 black bears (D:5)
  An orc warrior (D:8)
  An ice beast (D:7)
  2 sky beasts (D:6)
  2 ogres
  3 centaurs
  A phantom (D:4)
  A bullfrog (D:8)
  3 necrophages
  4 scorpions
  4 wights (D:7)
  Dowan (D:5)
  4 howler monkeys
  2 quasits
  5 hounds
  3 jellies (D:6)
  7 orc priests
  2 iguanas
  14 orc wizards
  9 adders
  3 shadow imps
  3 white imps (D:5)
  2 ufetubi
  A worm (D:5)
  3 dart slugs
  24 orcs
  2 bats (D:2)
  10 endoplasms
  A giant cockroach (D:2)
  10 goblins
  6 hobgoblins
  4 jackals
  5 kobolds
  3 quokkas
  6 ball pythons
  3 frilled lizards
  8 rats
175 creatures vanquished.

Vanquished Creatures (others)
  A wizard (D:3)
  An orc priest (D:6)
  3 demonic plants (D:6)
  2 fungi (D:8)
7 creatures vanquished.

Grand Total: 182 creatures vanquished

Notes
Turn   | Place    | Note
-------+----------+-------------------------------------------
     0 | D:1      | SigmundSlayer the Gnoll Ice Elementalist began the quest
                  | for the Orb.
     0 | D:1      | Reached XP level 1. HP: 13/13 MP: 6/6
   168 | D:1      | Reached XP level 2. HP: 20/20 MP: 4/7
   259 | D:1      | Found a faded altar of an unknown god.
   303 | D:1      | Prayed at the altar of an unknown god.
   303 | D:1      | Became a worshipper of Nemelex Xobeh the Trickster
   303 | D:1      | Reached * piety under Nemelex Xobeh
   303 | D:1      | Received a gift from Nemelex Xobeh
   941 | D:2      | Received a gift from Nemelex Xobeh
  1138 | D:2      | Reached skill level 5 in Spellcasting
  1138 | D:2      | Reached XP level 3. HP: 25/25 MP: 2/9
  1202 | D:2      | Learned a level 3 spell: Frozen Ramparts
  1207 | D:2      | Learned a level 3 spell: Ozocubu's Armour
  1293 | D:2      | Reached skill level 1 in Invocations
  1502 | D:2      | Reached skill level 1 in Fighting
  1502 | D:2      | Reached skill level 1 in Short Blades
  1502 | D:2      | Reached skill level 1 in Long Blades
  1502 | D:2      | Reached skill level 1 in Axes
  1502 | D:2      | Reached skill level 1 in Maces & Flails
  1502 | D:2      | Reached skill level 1 in Polearms
  1502 | D:2      | Reached skill level 1 in Staves
  1502 | D:2      | Reached skill level 1 in Ranged Weapons
  1502 | D:2      | Reached skill level 1 in Throwing
  1502 | D:2      | Reached skill level 1 in Armour
  1502 | D:2      | Reached skill level 1 in Shields
  1502 | D:2      | Reached skill level 1 in Unarmed Combat
  1502 | D:2      | Reached skill level 1 in Evocations
  1634 | D:2      | Reached ** piety under Nemelex Xobeh
  1644 | D:2      | Reached XP level 4. HP: 32/32 MP: 6/11
  1807 | D:2      | Noticed Sigmund
  1822 | D:2      | Killed Sigmund
  1823 | D:2      | Reached skill level 1 in Conjurations
  1823 | D:2      | Reached skill level 1 in Hexes
  1823 | D:2      | Reached skill level 1 in Summonings
  1823 | D:2      | Reached skill level 1 in Necromancy
  1823 | D:2      | Reached skill level 1 in Translocations
  1823 | D:2      | Reached skill level 1 in Transmutations
  1823 | D:2      | Reached skill level 1 in Fire Magic
  1823 | D:2      | Reached skill level 1 in Air Magic
  1823 | D:2      | Reached skill level 1 in Earth Magic
  1823 | D:2      | Reached skill level 1 in Poison Magic
  1823 | D:2      | Reached XP level 5. HP: 34/38 MP: 3/12
  1931 | D:2      | Reached XP level 6. HP: 44/44 MP: 13/13
  2250 | D:3      | Reached skill level 5 in Dodging
  2647 | D:3      | Found a broken altar of Ashenzari.
  2989 | D:3      | Found an ornate altar of the Wu Jian Council.
  3114 | D:3      | Reached *** piety under Nemelex Xobeh
  3203 | D:3      | Found a bloodstained altar of Trog.
  3206 | D:3      | Noticed a wizard
  3209 | D:3      | Killed a wizard
  3307 | D:4      | Noticed Edmund
  3318 | D:4      | Killed Edmund
  3339 | D:4      | Reached XP level 7. HP: 33/50 MP: 15/15
  3638 | D:4      | Noticed Eustachio
  3644 | D:4      | Reached skill level 5 in Stealth
  3677 | D:4      | Killed Eustachio
  3767 | D:4      | Reached XP level 8. HP: 28/58 MP: 16/16
  3927 | D:4      | Found a burning altar of Makhleb.
  3972 | D:4      | Received a gift from Nemelex Xobeh
  4001 | D:4      | Found a staircase to the Ecumenical Temple.
  4284 | D:4      | Found a glowing silver altar of Zin.
  4705 | D:5      | Entered Level 5 of the Dungeon
  4845 | D:5      | Received a gift from Nemelex Xobeh
  4982 | D:5      | Noticed Dowan
  4984 | D:5      | Noticed Duvessa
  4991 | D:5      | Killed Duvessa
  4994 | D:5      | Killed Dowan
  5485 | D:5      | Reached **** piety under Nemelex Xobeh
  5556 | D:5      | Found an opulent altar of Gozag.
  5700 | D:6      | Noticed Grinder
  5700 | D:6      | Received a gift from Nemelex Xobeh
  5706 | D:5      | Paralysed by Grinder for 4 turns
  5715 | D:5      | Killed Grinder
  5716 | D:5      | Reached XP level 9. HP: 42/65 MP: 13/18
  5874 | D:5      | Reached skill level 8 in Ice Magic
  6279 | D:6      | Reached skill level 5 in Invocations
  6565 | D:6      | Found Reficwo's Distillery.
  6576 | D:6      | Bought a potion of curing for 36 gold pieces
  6576 | D:6      | Bought 2 potions of heal wounds for 120 gold pieces
  6576 | D:6      | Bought a potion of haste for 120 gold pieces
  6576 | D:6      | Bought a potion of curing for 36 gold pieces
  7188 | D:7      | Received a gift from Nemelex Xobeh
  7272 | D:7      | Reached skill level 5 in Fighting
  7272 | D:7      | Reached skill level 5 in Short Blades
  7272 | D:7      | Reached skill level 5 in Long Blades
  7272 | D:7      | Reached skill level 5 in Axes
  7272 | D:7      | Reached skill level 5 in Maces & Flails
  7272 | D:7      | Reached skill level 5 in Polearms
  7272 | D:7      | Reached skill level 5 in Staves
  7272 | D:7      | Reached skill level 5 in Ranged Weapons
  7272 | D:7      | Reached skill level 5 in Throwing
  7272 | D:7      | Reached skill level 5 in Armour
  7272 | D:7      | Reached skill level 5 in Shields
  7272 | D:7      | Reached skill level 5 in Unarmed Combat
  7272 | D:7      | Reached skill level 5 in Evocations
  7272 | D:7      | Reached XP level 10. HP: 74/74 MP: 20/20
  7446 | D:7      | Found a stormy altar of Qazlal.
  7895 | D:8      | Found Qoaph's Distillery.
  8239 | D:8      | Found a staircase to the Lair.
  8575 | D:9      | Received a gift from Nemelex Xobeh
  8612 | D:9      | Killed from afar by an acid dragon

Illustrated notes

Levels and vault maps discovered:
D:1:      heliophobic_arrival_enchanted_forest, layout_loops_cross,
          hellmonk_ecumenical_altar_lost_god, chequers_serial_rivers_micro_b
D:2:      layout_basic, serial_park_tiny_pond, uniq_sigmund
D:3:      layout_rooms, trog_wizard, mainiacjoe_overflow_boulevard,
          nicolae_ashenzari_panopticon, dk_noncrumbling_2, minmay_liquid_box,
          serial_bayou_ford_a, minmay_circle_x
D:4:      layout_basic, nicolae_overflow_crystal_walls, kennysheep_mini,
          minmay_temple_entry_statues_pillars, uniq_edmund, uniq_eustachio
D:5:      nicolae_cairo_tiling, layout_cave_pools, mainiacjoe_overflow_alcove_2,
          uniq_duvessa
D:6:      layout_rooms, serial_shops, shop_fountains, serial_demonic,
          serial_demonic_a, serial_demonic_f, serial_demonic_c,
          serial_demonic_g, nrook_loot_triangle,
          nicolae_elevator_lobby_asterisk, uniq_grinder
D:7:      layout_layer_cave, mainiacjoe_overflow_concentric_impassable,
          grunt_ministairs_7
D:8:      layout_cave_pools, dpeg_oklobed_lair, serial_shops, shop
D:9:      layout_loops_ring, mainiacjoe_overflow_alcove_1

Skill      XL: |  1  2  3  4  5  6  7  8  9 10 |
---------------+-------------------------------+-----
Spellcasting   | 5 6 7 |  7.4
Invocations    | 1 2 3 4 5 6 |  6.0
Fighting       | 1 2 3 4 5 |  5.4
Short Blades   | 1 2 3 4 5 |  5.4
Long Blades    | 1 2 3 4 5 |  5.4
Axes           | 1 2 3 4 5 |  5.4
Maces & Flails | 1 2 3 4 5 |  5.4
Polearms       | 1 2 3 4 5 |  5.4
Staves         | 1 2 3 4 5 |  5.4
Ranged Weapons | 1 2 3 4 5 |  5.4
Throwing       | 1 2 3 4 5 |  5.4
Armour         | 1 2 3 4 5 |  5.4
Shields        | 1 2 3 4 5 |  5.4
Unarmed Combat | 1 2 3 4 5 |  5.4
Evocations     | 1 2 3 4 5 |  5.4
Conjurations   | 1 2 3 4 |  4.4
Hexes          | 1 2 3 4 |  4.4
Summonings     | 1 2 3 4 |  4.4
Necromancy     | 1 2 3 4 |  4.4
Translocations | 1 2 3 4 |  4.4
Transmutations | 1 2 3 4 |  4.4
Fire Magic     | 1 2 3 4 |  4.4
Air Magic      | 1 2 3 4 |  4.4
Earth Magic    | 1 2 3 4 |  4.4
Poison Magic   | 1 2 3 4 |  4.4
Dodging        | 5 6 7 |  7.2
Stealth        | 5 6 |  6.9
Ice Magic      | 8 |  8.5

Action                   |  1- 3 |  4- 6 |  7- 9 | 10-12 || total
-------------------------+-------+-------+-------+-------++-------
Melee: Unarmed           |    24 |     1 |       |       ||    25
       Bite              |     2 |     4 |    31 |     8 ||    45
       Halberd           |       |    53 |   322 |    75 ||   450
 Cast: Freeze            |    34 |     2 |       |       ||    36
       Frozen Ramparts   |       |     2 |    13 |     4 ||    19
       Ozocubu's Armour  |       |     1 |     1 |       ||     2
Invok: Deal Four         |       |       |     1 |       ||     1
       Draw Escape       |       |       |       |     1 ||     1
  Use: Scroll            |       |     7 |     5 |     4 ||    16
       Potion            |       |       |     1 |     6 ||     7
 Stab: Sleeping          |       |     8 |    11 |     1 ||    20
Armor: Robe              |     7 |       |       |       ||     7
       Ring mail         |     4 |    18 |   311 |    78 ||   411
Dodge: Dodged            |    23 |    18 |   288 |    96 ||   425

Table legend: (Time is in decaauts)
 A = Elapsed time spent in this place.
 B = Non-inter-level travel time spent in this place.
 C = Inter-level travel time spent in this place.
 D = Time resting spent in this place.
 E = Time spent auto-exploring this place.
 F = Levels seen in this place.
 G = Mean time per level.
                   A        B        C        D        E       F      G
               +--------+--------+--------+--------+--------+-----+--------+
         Total |   8760 |   8579 |    181 |   1064 |   6103 |   9 |  973.3 |
       Dungeon |   8760 |   8579 |    181 |   1064 |   6103 |   9 |  973.3 |
               +--------+--------+--------+--------+--------+-----+--------+

Top non-repeatable levels by time:
     D:4: 1455 daAuts
     D:2: 1369 daAuts
     D:5: 1307 daAuts
     D:7: 1107 daAuts
     D:3: 1076 daAuts
     D:1: 858 daAuts
     D:6: 786 daAuts
     D:8: 739 daAuts
     D:9: 60 daAuts
